 Dungeon Crawl Stone Soup version 0.27-a0-1065-ge809cff456 (webtiles) character file.

Game seed: 3094864784000673366

484 soylentgreeen202 the Charlatan (level 6, -3/47 HPs)
             Began as a Mummy Artificer on Apr 24, 2021.
             Slain by an orc
             ... wielding a +0 morningstar
              (12 damage)
             ... on level 4 of the Dungeon.
             The game lasted 00:34:52 (5604 turns).

soylentgreeen202 the Charlatan (Mummy Artificer)    Turns: 5604, Time: 00:34:52

Health: -3/47      AC:  3    Str: 15    XL:     6   Next: 88%
Magic:  6/6        EV: 12    Int: 11    God:
Gold:   147        SH:  0    Dex: 14    Spells: 5/5 levels left

rFire    x x .     SeeInvis .   r - +10 short sword of the Eternal Void {elec, rPois rF- rN+++ Stlth+}
rCold    + . .     Faith    .   (no shield)
rNeg     + + +     Spirit   .   b - +0 leather armour
rPois    ∞         Reflect  .   (no helmet)
rElec    .         Harm     .   (no cloak)
rCorr    .         Rampage  .   (no gloves)
Will     .....                  (no boots)
Stlth    ++........             (no amulet)
HPRegen  0.15/turn              (no ring)
MPRegen  0.10/turn              (no ring)

@: no status effects
A: cold resistance 1, negative energy resistance 3, torment resistance 2,
unbreathing 1, heat vulnerability 1, no potions
a: no special abilities


You were on level 4 of the Dungeon.
You visited 1 branch of the dungeon, and saw 4 of its levels.

You collected 147 gold pieces.

Inventory:

Hand Weapons
 a - a +0 club
 f - a +1 dagger of flaming
 h - a +4 short sword
 q - a +2 dagger of speed
 r - the +10 short sword of the Eternal Void (weapon) {elec, rPois rF- rN+++ Stlth+}
   (You took it off Robin on level 4 of the Dungeon)

   Occasionally, upon striking a foe, it can discharge electrical energy and
   cause terrible harm.
   It makes you vulnerable to fire.
   It protects you from poison.
   It renders you almost immune to negative energy.
   It makes you more stealthy.
 t - a +0 dagger of venom
Missiles
 i - 133 stones (quivered)
 n - 3 poisoned darts
Armour
 b - a +0 leather armour (worn)
 s - a +0 helmet
Jewellery
 g - a ring of positive energy
 p - a ring of poison resistance
Wands
 c - a wand of flame (3)
 d - a wand of charming (14)
Scrolls
 j - a scroll of teleportation {unknown}
 k - a scroll of magic mapping {unknown}
 l - a scroll of vulnerability {unknown}
 m - a scroll of acquirement {unknown}
 o - a scroll of fear {unknown}
Miscellaneous
 e - a piece from Xom's chessboard (15/15)


   Skills:
 - Level 3.2 Fighting
 - Level 3.0 Short Blades
 - Level 2.0 Armour
 + Level 2.3 Dodging
 - Level 1.0 Stealth
 - Level 4.0 Evocations


You had 5 spell levels left.
You didn't know any spells.
Your spell library contained the following spells:

 Spells                   Type           Power      Damage    Failure   Level
 Animate Skeleton         Necr           0%         N/A       41%         1
 Pain                     Necr           0%         1d4       41%         1
 Vampiric Draining        Necr           0%         2d6       78%         3
 Animate Dead             Necr           0%         N/A       99%         4
 Agony                    Necr           0%         N/A       100%        5


Dungeon Overview and Level Annotations

Branches:
Dungeon (4/15)
 Temple: D:4-7

Altars:
Kikubaaqudgha
Makhleb
Sif Muna
Vehumet

Shops:
D:1 :


Innate Abilities, Weirdness & Mutations

You are immune to poison.
Your flesh is cold resistant. (rC+)
You are immune to negative energy. (rN+++)
You are immune to unholy pain and torment.
You can survive without breathing.
You are vulnerable to heat. (rF-)
You do not drink.


Message History

There is an open door here.
Found 2 bubbling white potions.
You see here 2 bubbling white potions. 4 jackals come into view.
The jackal barks! x2; You hear a shout!
You closely miss the jackal.
The jackal barks!
The jackal bites you but does no damage.
The jackal barks!
You hit the jackal.
The jackal is almost dead.
The jackal closely misses you.
You puncture the jackal!
You kill the jackal!
An orc comes into view. It is wielding a +0 morningstar.
You closely miss the jackal.
The jackal bites you but does no damage.
You puncture the jackal! Lightning courses through the jackal!
You kill the jackal!
You hit the jackal. Lightning courses through the jackal!
You kill the jackal!
You hit the jackal.
The jackal is moderately wounded.
The jackal misses you.
You hit the jackal.
You kill the jackal!
The orc hits you with a +0 morningstar.
Things that are here:
a jackal corpse; a jackal corpse You barely miss the orc.
The orc closely misses you.
You closely miss the orc. The orc hits you with a +0 morningstar!
You barely miss the orc. The orc hits you with a +0 morningstar!
You hit the orc.
The orc is almost dead.
The orc hits you with a +0 morningstar!
* * * LOW HITPOINT WARNING * * *
You barely miss the orc.
The orc is almost dead.
The orc hits you with a +0 morningstar!
You die...

#.####.# #..
#.####.###.#
.........#.#
#.####.#.#.#
..# #.#.#.#
### ##.#.#.#
#......#
#..#.#.#
###########
#..###.#
#..@o......
#..# #.#
#.#########
#..###.# #!#
#####......#
#.#
.........###
#.#
#####.##.#
#.# #.##.#
#.#
#.##.#####.#
#.##.......#


You could see an orc.

Vanquished Creatures
  A bullfrog (D:2)
  A scorpion (D:4)
  2 howler monkeys
  3 orc wizards
  An iguana (D:4)
  Robin (D:4)
  A howler monkey skeleton (D:4)
  2 adders
  An adder skeleton (D:4)
  3 dart slugs
  6 orcs
  10 ball pythons
  10 endoplasms
  4 giant cockroaches (D:1)
  18 goblins
  4 hobgoblins
  18 jackals
  8 kobolds
  2 quokkas
  4 bats
  3 frilled lizards
  3 rats
106 creatures vanquished.

Vanquished Creatures (others)
  An orc wizard (D:3)
1 creature vanquished.

Grand Total: 107 creatures vanquished

Notes
Turn   | Place    | Note
-------+----------+-------------------------------------------
     0 | D:1      | soylentgreeen202 the Mummy Artificer began the quest for
                  | the Orb.
     0 | D:1      | Reached XP level 1. HP: 15/15 MP: 1/1
    12 | D:1      | Reached skill level 1 in Dodging
   193 | D:1      | Reached XP level 2. HP: 10/21 MP: 2/2
   379 | D:1      | Reached skill level 1 in Short Blades
   527 | D:1      | Reached skill level 1 in Stealth
   572 | D:1      | Reached XP level 3. HP: 21/26 MP: 3/3
  1250 | D:1      | Found Piczau's Book Emporium.
  1392 | D:2      | Found a shimmering blue altar of Sif Muna.
  2130 | D:2      | Noticed a bullfrog
  2138 | D:2      | Killed a bullfrog
  2139 | D:2      | Reached XP level 4. HP: 22/32 MP: 4/4
  2429 | D:3      | Reached skill level 3 in Evocations
  2429 | D:3      | Reached XP level 5. HP: 23/37 MP: 5/5
  2809 | D:3      | Found a burning altar of Makhleb.
  3378 | D:3      | Found an ancient bone altar of Kikubaaqudgha.
  3398 | D:3      | Reached skill level 4 in Evocations
  3552 | D:3      | Found a shimmering blue altar of Sif Muna.
  3553 | D:3      | Found a radiant altar of Vehumet.
  3555 | D:3      | Identified Kikubaaqudgha's Tome of Sinister Rituals
  4331 | D:4      | Reached XP level 6. HP: 44/44 MP: 6/6
  4812 | D:4      | Noticed Robin
  4965 | D:4      | Identified the +10 short sword of the Eternal Void {elec,
                  | rPois rF- rN+++ Stlth+}
  4971 | D:4      | Killed Robin
  5604 | D:4      | Slain by an orc

Illustrated notes

Levels and vault maps discovered:
D:1:      dpeg_arrival_arbitrary_b, layout_basic, serial_shops, shop
D:2:      layout_loops_cross, basic_altar
D:3:      layout_loops_ring, grunt_temple_overflow_magic_moments,
          lemuel_round_altar, grunt_decor_arrowhead, roderic_lattice_a
D:4:      kennysheep_goblin_castle, layout_loops_ring, doesnt_xom_only_xom,
          lemuel_tele_altar, serial_park_tiny_pond, kennysheep_cross_room,
          saegor_snake_ambush

Skill      XL: |  1  2  3  4  5  6 |
---------------+-------------------+-----
Dodging        | 1 2 |  2.3
Armour         | 2 |  2.0
Short Blades   | 1 3 |  3.0
Stealth        | 1 |  1.0
Evocations     | 3 4 |  4.0
Fighting       | 3 |  3.2

Action                   |  1- 3 |  4- 6 || total
-------------------------+-------+-------++-------
Melee: Dagger            |    21 |       ||    21
       Club              |     8 |       ||     8
       Short sword       |    74 |   171 ||   245
Throw: Dart              |     1 |     8 ||     9
       Stone             |       |    10 ||    10
       Throwing net      |       |     1 ||     1
Evoke: Wand              |     1 |    12 ||    13
       Piece from Xom's  |     1 |     1 ||     2
 Stab: Sleeping          |       |     2 ||     2
       Distracted        |       |     1 ||     1
Armor: Leather armour    |    27 |    30 ||    57
Dodge: Dodged            |    60 |    98 ||   158

Table legend: (Time is in decaauts)
 A = Elapsed time spent in this place.
 B = Non-inter-level travel time spent in this place.
 C = Inter-level travel time spent in this place.
 D = Time resting spent in this place.
 E = Time spent auto-exploring this place.
 F = Levels seen in this place.
 G = Mean time per level.
                   A        B        C        D        E       F      G
               +--------+--------+--------+--------+--------+-----+--------+
         Total |   5618 |   5146 |    472 |   1952 |   1251 |   4 | 1404.5 |
       Dungeon |   5618 |   5146 |    472 |   1952 |   1251 |   4 | 1404.5 |
               +--------+--------+--------+--------+--------+-----+--------+

Top non-repeatable levels by time:
     D:3: 1703 daAuts
     D:4: 1512 daAuts
     D:1: 1455 daAuts
     D:2: 947 daAuts
